Workbook

Sheet Instructions
A1: Loan Instalment Planner
A3: Enter the yellow inputs. Monthly instalment uses PMT.
A4: Total interest = total paid minus loan amount.

Sheet Planner
A1: Input | B1: Value
A2: Loan amount | B2: 120000
A3: Annual interest rate | B3: 0.12
A4: Term (months) | B4: 24
A6: Monthly instalment | B6: =PMT(B3/12,B4,-B2)
A7: Total paid | B7: =B6*B4
A8: Total interest | B8: =B7-B2

Sheet Schedule
A1: Month | B1: Payment | C1: Interest | D1: Principal | E1: Balance
A2: 1 | B2: =Planner!B6 | C2: =Planner!B2*Planner!B3/12 | D2: =B2-C2 | E2: =Planner!B2-D2
A3: 2 | B3: =Planner!B6 | C3: =E2*Planner!B3/12 | D3: =B3-C3 | E3: =E2-D3
A4: 3 | B4: =Planner!B6 | C4: =E3*Planner!B3/12 | D4: =B4-C4 | E4: =E3-D4
A5: 4 | B5: =Planner!B6 | C5: =E4*Planner!B3/12 | D5: =B5-C5 | E5: =E4-D5
A6: 5 | B6: =Planner!B6 | C6: =E5*Planner!B3/12 | D6: =B6-C6 | E6: =E5-D6
A7: 6 | B7: =Planner!B6 | C7: =E6*Planner!B3/12 | D7: =B7-C7 | E7: =E6-D7
A8: 7 | B8: =Planner!B6 | C8: =E7*Planner!B3/12 | D8: =B8-C8 | E8: =E7-D8
A9: 8 | B9: =Planner!B6 | C9: =E8*Planner!B3/12 | D9: =B9-C9 | E9: =E8-D9
A10: 9 | B10: =Planner!B6 | C10: =E9*Planner!B3/12 | D10: =B10-C10 | E10: =E9-D10
A11: 10 | B11: =Planner!B6 | C11: =E10*Planner!B3/12 | D11: =B11-C11 | E11: =E10-D11
A12: 11 | B12: =Planner!B6 | C12: =E11*Planner!B3/12 | D12: =B12-C12 | E12: =E11-D12
A13: 12 | B13: =Planner!B6 | C13: =E12*Planner!B3/12 | D13: =B13-C13 | E13: =E12-D13
